 Dungeon Crawl Stone Soup version 0.18.1-48-g4cf74bf (webtiles) character file.

175486 Kaladorm the Warrior (level 17, -6/160 HPs)
             Began as a Minotaur Berserker on June 10, 2016.
             Was the Champion of Trog.
             Killed from afar by a raiju (14 damage)
             ... with a living lightning
             ... on level 2 of the Abyss on June 30, 2016.
             The game lasted 04:34:42 (35969 turns).

Kaladorm the Warrior (Minotaur Berserker)          Turns: 35969, Time: 04:34:42

Health: -6/160     AC: 30    Str: 24    XL:     17   Next: 22%
Magic:  23/23      EV: 12    Int:  4    God:    Trog [******]
Gold:   1002       SH: 22    Dex: 25    Spells: 0 memorised, 16 levels left

rFire  + + .     SeeInvis +     v - +0 morningstar (protect)
rCold  . . .     Gourm    .     n - +1 plate armour of the Guild-Master {rF+ rC+ MR++ Dex-3}
rNeg   + + .     Faith    .     e - +0 large shield
rPois  +         Spirit   .     F - +0 hat
rElec  .         Dismiss  .     K - +1 ratskin cloak {rPois rN+ Int-1 Dex-1}
rCorr  .         Reflect  .     G - +0 pair of gloves
SustAt .         Harm     .     Q - +1 pair of boots "Tihikeq" {rPois rC- Dex+7}
MR     +++..                    (no amulet)
Stlth  ..........               N - ring of positive energy
                                C - ring "Roosirr" {rF+ Dex+8}

@: lethally poisoned (-6 -> -6), extremely resistant to hostile enchantments,
extremely unstealthy
A: retaliatory headbutt, horns 2, see invisible
a: Berserk, Trog's Hand, Brothers in Arms, Burn Spellbooks, Renounce Religion
}: 1/15 runes: serpentine


You were on level 2 of the Abyss.
You worshipped Trog.
Trog was exalted by your worship.
You were not hungry.

You visited 4 branches of the dungeon, and saw 26 of its levels.
You visited the Abyss 1 time.
You visited 1 bazaar.
You also visited: Sewer, Ossuary, Bailey and Ice Cave.

You collected 2597 gold pieces.
You spent 1565 gold pieces at shops.

Inventory:

Hand Weapons
 f - the +2 demon whip "Bitz" {flame, rN+++ Int-2 Dex+6}
   (Trog gifted it to you on level 8 of the Lair of Beasts)

   It has been specially enchanted to burn those struck by it, causing extra
   injury to most foes and up to half again as much damage against particularly
   susceptible opponents.
   It affects your intelligence (-2).
   It affects your dexterity (+6).
   It renders you almost immune to negative energy.
 t - a +2 executioner's axe of freezing
 v - a +0 morningstar of protection (weapon)
Armour
 e - a +0 large shield (worn)
 g - a +0 shield
 n - the +1 plate armour of the Guild-Master (worn) {rF+ rC+ MR++ Dex-3}
   (You bought it in a shop in a bazaar)

   It affects your dexterity (-3).
   It protects you from fire.
   It protects you from cold.
   It affects your resistance to hostile enchantments.
 D - the +2 pair of boots of Minor Irritation {Slay+2}
   (You acquired it on level 2 of the Lair of Beasts)

   It affects your accuracy and damage with ranged weapons and melee attacks
   (+2).
 F - a +0 hat (worn)
 G - a +0 pair of gloves (worn)
 K - the +1 ratskin cloak (worn) {rPois rN+ Int-1 Dex-1}
   (You acquired it on level 6 of the Lair of Beasts)

   It affects your intelligence (-1).
   It affects your dexterity (-1).
   It protects you from poison.
   It protects you from negative energy.
 Q - the +1 pair of boots "Tihikeq" (worn) {rPois rC- Dex+7}
   (You acquired it on level 1 of the Snake Pit)

   It affects your dexterity (+7).
   It makes you vulnerable to cold.
   It protects you from poison.
Jewellery
 C - the ring "Roosirr" (left hand) {rF+ Dex+8}
   (You found it on level 6 of the Dungeon)

   [ring of protection from fire]

   It affects your dexterity (+8).
   It protects you from fire.
 N - a ring of positive energy (right hand)
 R - an uncursed ring of flight {unknown}
 S - an uncursed ring of resist corrosion
Wands
 a - a wand of iceblast (1/15)
 j - a wand of flame (18/48)
 s - a wand of confusion (26/48)
 y - a wand of digging (2/24)
 A - a wand of paralysis (8/24)
 E - a wand of disintegration (13/24)
 M - a wand of flame (17/48)
 T - a wand of lightning (0/15)
 W - a wand of disintegration (6/24)
Scrolls
 b - 17 scrolls of remove curse
 k - 8 scrolls of enchant armour
 m - 12 scrolls of identify
 o - 6 scrolls of fog
 p - 8 scrolls of teleportation
 u - a scroll of summoning
 z - 9 scrolls of enchant weapon
 L - 2 scrolls of blinking
 O - 3 scrolls of recharging
Potions
 d - 7 potions of curing
 l - a potion of haste
 r - a potion of lignification
 w - a potion of resistance
 B - a potion of berserk rage
 I - a potion of degeneration {unknown}
Miscellaneous
 q - a lamp of fire
 x - a plain deck of summoning {drawn: 1}
 U - a legendary deck of changes {drawn: 2}
Comestibles
 c - 13 bread rations
 h - 22 fruits
 i - 5 meat rations
 H - 8 slices of pizza
 P - a royal jelly
 V - a beef jerky


   Skills:
 + Level 16.9 Fighting
 - Level 9.4(13.5) Axes
 - Level 15.4(16.3) Maces & Flails
 + Level 16.7 Armour
 + Level 7.6 Dodging
 * Level 15.4 Shields
 - Level 10.4 Evocations


You had 16 spell levels left.
You didn't know any spells.

Dungeon Overview and Level Annotations

Branches:
Dungeon (12/15)            Temple (0/1) D:7            Lair (8/8) D:9
 Shoals (0/4) Lair:5        Snake (4/4) Lair:6        Slime (0/6) Lair:7
    Orc (2/2) D:12            Elf (0/3) Orc:2

Altars:
Ashenzari
Fedhas
Kikubaaqudgha
Nemelex Xobeh
Okawaru
Qazlal
Vehumet
Xom
The Shining One

Shops:
D:7 }(   D:10 *   Orc:2 =?   Snake:1 *

Annotations:
Lair:3 exclusion: oklob plant


Innate Abilities, Weirdness & Mutations

You reflexively headbutt those who attack you in melee.
You have a pair of horns on your head.
You have supernaturally acute eyesight.


Message History

You feel sick.
Evoke which item? (* to show all) (? for menu, Esc to quit)
Zapping:
W - a wand of disintegration (7/24)
Press: ? - help, Shift-Dir - straight line The rock wall explodes into countless fragments.
This wand has 6 charges left.
You feel sick. The raiju bites you.
* * * LOW HITPOINT WARNING * * *
The raiju shocks you!
* * * LOW HITPOINT WARNING * * *
The reaper hits you but does no damage.
You block the small abomination's attack.
You feel sick.
The small abomination hits you but does no damage.
The raiju bursts into living lightning!
The living lightning hits you!
The raiju blinks!
You feel sick. You block the raiju's attack.
The raiju bursts into living lightning!
The living lightning hits the small abomination.
The living lightning hits you!
You die...

### .# ###..# #.#.#
#@h### ..#.# #.##.#
#.##.#
#...#####....# .
#.##x##.#. .#...
#.....##.##.#....
#..##.#h#2x.......
........#h.#...
.#..
....#.###...###...#
#.#.##....#...# #.


You could see 3 raiju and a small abomination.

Vanquished Creatures
  7 greater nagas
  The ghost of shmup the Impaler, a journeyman MfGl of Makhleb (Orc:2)
  A fire dragon (Lair:8)
  9 hydras
  Harold (Lair:4)
  Erolcha (D:8)
  14 naga warriors
  10 anacondas
  8 shock serpents
  21 naga sharpshooters
  5 salamander mystics
  A fire crab (Lair:6)
  6 orc knights
  Pikel (D:6)
  8 naga ritualists
  A hill giant (D:11)
  2 lindwurms (Lair:8)
  An ugly thing (D:12)
  12 mana vipers
  An orc sorcerer (Orc:2)
  3 griffons
  2 manticores
  15 salamanders
  13 elephants
  2 ice statues (IceCv)
  22 naga magi
  3 guardian serpents
  39 black mambas
  5 spiny frogs
  7 torpor snails
  3 rime drakes
  A gargoyle (D:11)
  6 komodo dragons
  9 ice devils (IceCv)
  A spriggan druid (Lair:5)
  3 polar bears
  3 trolls
  19 blink frogs
  5 giant leeches (Lair:8)
  Prince Ribbit (D:6)
  A snapping turtle (Lair:5)
  44 yaks
  3 wyverns
  2 basilisks (Lair:8)
  2 wraiths (Ossuary)
  2 steam dragons
  12 hippogriffs
  2 hungry ghosts
  A mottled dragon (D:11)
  A soldier ant (D:11)
  47 nagas
  14 water moccasins
  8 porcupines
  2 ice beasts
  18 orc warriors
  2 sky beasts
  3 wasps (Lair:8)
  5 black bears
  5 ogres
  22 wolves
  A phantom (D:7)
  5 centaurs
  15 crocodiles
  8 big kobolds
  Blork the orc (D:5)
  16 giant frogs
  A gnoll sergeant (D:11)
  4 scorpions
  A wyvern skeleton (D:12)
  16 killer bees
  The ghost of DAD the Skirmisher, a weakling DsBe of Trog (D:4)
  2 howler monkeys
  6 wights
  An electric eel (D:7)
  2 vampire bats (Lair:6)
  A crimson imp (D:8)
  3 centaur zombies
  3 quasits
  A giant frog skeleton (D:8)
  6 jellies
  13 orc priests
  15 orc wizards
  6 hounds
  4 centaur skeletons
  4 iguanas
  4 worker ants
  20 sheep
  A hound zombie (D:5)
  A hound skeleton (D:3)
  5 worker ant zombies
  17 gnolls
  20 adders
  A howler monkey skeleton (D:9)
  66 river rats
  5 shadow imps
  20 white imps
  4 ufetubi (IceCv)
  5 oozes
  An adder skeleton (D:3)
  2 adder zombies (Ossuary)
  26 worms
  A dart slug (D:1)
  2 giant geckos
  77 orcs
  7 ball pythons (Sewer)
  3 giant cockroaches
  7 goblins
  10 hobgoblins
  A jackal (D:3)
  4 quokkas
  17 bats
  A giant cockroach zombie (D:3)
  2 giant gecko skeletons
  8 giant newts
  A hobgoblin skeleton (Ossuary)
  A hobgoblin zombie (Ossuary)
  26 kobolds
  2 kobold zombies (Ossuary)
  2 orc skeletons (Ossuary)
  2 orc zombies (Ossuary)
  A quokka skeleton (D:3)
  11 rats
  3 plants
992 creatures vanquished.

Vanquished Creatures (collateral kills)
  A catoblepas (Lair:8)
  An anaconda (Snake:4)
  5 naga sharpshooters
  3 naga ritualists
  A manticore (Lair:8)
  A mana viper (Snake:4)
  2 salamanders (Snake:2)
  3 black mambas
  2 naga magi (Snake:4)
  A spiny frog (Lair:8)
  A komodo dragon (Lair:8)
  3 basilisks (Lair:8)
  7 nagas
31 creatures vanquished.

Vanquished Creatures (others)
  A black mamba (Snake:2)
  A naga mage (Snake:4)
  3 nagas
  3 white imps (IceCv)
  2 ufetubi (IceCv)
  An orc (D:6)
  8 fungi
  8 plants (Lair:8)
27 creatures vanquished.

Grand Total: 1050 creatures vanquished

Notes
Turn   | Place    | Note
--------------------------------------------------------------
     0 | D:1      | Kaladorm the Minotaur Berserker began the quest for the Orb.
     0 | D:1      | Reached XP level 1. HP: 19/19 MP: 0/0
   219 | D:1      | Reached XP level 2. HP: 27/27 MP: 1/1
   372 | D:1      | Found a glowing golden altar of the Shining One.
   582 | D:1      | Reached ** piety under Trog
   912 | D:1      | Reached XP level 3. HP: 23/33 MP: 2/2
  1262 | D:2      | Found a shattered altar of Ashenzari.
  1459 | D:2      | Reached XP level 4. HP: 36/40 MP: 3/3
  2141 | D:3      | Reached XP level 5. HP: 35/47 MP: 4/4
  2144 | D:3      | Reached skill level 5 in Maces & Flails
  2294 | D:3      | Reached skill level 5 in Fighting
  2296 | D:3      | Reached *** piety under Trog
  2532 | D:3      | Found a sparkling altar of Nemelex Xobeh.
  2601 | D:3      | Found an iron altar of Okawaru.
  2612 | D:3      | Reached XP level 6. HP: 56/56 MP: 5/5
  2690 | D:3      | Reached skill level 5 in Armour
  2996 | D:4      | Noticed DAD's ghost (weakling DsBe)
  3003 | D:4      | Killed DAD's ghost
  3355 | D:4      | Reached skill level 1 in Evocations
  3355 | D:4      | Reached XP level 7. HP: 61/61 MP: 6/6
  4027 | D:5      | Entered Level 5 of the Dungeon
  4272 | D:5      | Found a glowing drain.
  4329 | Sewer    | Entered a sewer
  4806 | Sewer    | Reached **** piety under Trog
  4930 | Sewer    | Reached XP level 8. HP: 70/70 MP: 8/8
  5009 | D:5      | Found a stormy altar of Qazlal.
  5098 | D:5      | Noticed Blork the orc
  5106 | D:5      | Killed Blork the orc
  6225 | D:6      | Noticed Pikel
  6235 | D:6      | Killed Pikel
  6266 | D:6      | Found a sand-covered staircase.
  6271 | Ossuary  | Entered an ossuary
  6553 | Ossuary  | Noticed a flying skull
  6602 | Ossuary  | Reached XP level 9. HP: 68/79 MP: 10/10
  7029 | D:6      | Found a blossoming altar of Fedhas.
  7031 | D:6      | Noticed Prince Ribbit
  7039 | D:6      | Killed Prince Ribbit
  7314 | D:6      | Got a heavily runed jade ring
  7363 | D:6      | Identified the ring "Roosirr" {rF+ Dex+8} (You found it on level 6 of the Dungeon)
  7426 | D:7      | Found a staircase to the Ecumenical Temple.
  7445 | D:7      | Found Voffi's Gadget Shop.
  7899 | D:7      | Reached skill level 10 in Armour
  8177 | D:7      | Found a radiant altar of Vehumet.
  8210 | D:7      | Found Peekuabe's Weapon Shoppe.
  8312 | D:7      | Found a shimmering altar of Xom.
  8488 | D:7      | Reached skill level 5 in Evocations
  8488 | D:7      | Reached XP level 10. HP: 87/90 MP: 12/12
  8767 | D:8      | Found an ancient bone altar of Kikubaaqudgha.
  8932 | D:8      | Reached ***** piety under Trog
  9057 | D:8      | Found a flagged portal.
  9068 | Bailey   | Entered a bailey
  9204 | Bailey   | Noticed an orc knight
  9204 | Bailey   | Noticed an orc knight
  9217 | Bailey   | Killed an orc knight
  9219 | Bailey   | Reached skill level 10 in Maces & Flails
  9232 | Bailey   | Killed an orc knight
  9337 | Bailey   | Noticed an orc knight
  9360 | Bailey   | Killed an orc knight
  9360 | Bailey   | Reached skill level 5 in Dodging
  9528 | Bailey   | Noticed an orc knight
  9528 | Bailey   | Noticed an orc knight
  9540 | Bailey   | Killed an orc knight
  9545 | Bailey   | Killed an orc knight
  9545 | Bailey   | Reached XP level 11. HP: 66/99 MP: 14/14
  9833 | D:8      | Noticed Erolcha
  9852 | D:8      | Killed Erolcha
 10056 | D:8      | Reached skill level 10 in Fighting
 10534 | D:9      | Received a gift from Trog
 10834 | D:9      | Noticed a two-headed hydra
 10839 | D:9      | Killed a two-headed hydra
 10999 | D:9      | Found a staircase to the Lair.
 11226 | Lair:1   | Entered Level 1 of the Lair of Beasts
 12906 | Lair:2   | Gained mutation: Your flesh is heat resistant. [potion of mutation]
 12906 | Lair:2   | Gained mutation: You are clumsy. (Dex -2) [potion of mutation]
 12906 | Lair:2   | Gained mutation: Potions and wands are less effective at restoring your health. [potion of mutation]
 12908 | Lair:2   | Reached XP level 12. HP: 111/111 MP: 16/16
 12912 | Lair:2   | Identified 3 scrolls of acquirement
 12915 | Lair:2   | Got a pair of warped boots
 12926 | Lair:2   | Identified the +2 pair of boots of Minor Irritation {Slay+2} (You acquired it on level 2 of the Lair of Beasts)
 12987 | Lair:3   | Noticed a four-headed hydra
 12999 | Lair:3   | Killed a four-headed hydra
 12999 | Lair:3   | Received a gift from Trog
 13098 | Lair:3   | Got a bloodstained cloak
 13109 | Lair:3   | Identified the +4 cloak of Tidiuza {SInv} (You found it on level 3 of the Lair of Beasts)
 13443 | Lair:3   | Reached XP level 13. HP: 118/118 MP: 17/17
 13955 | Lair:4   | Noticed Harold
 13972 | Lair:4   | Killed Harold
 14996 | Lair:5   | Received a gift from Trog
 15480 | Lair:5   | Found a staircase to the Shoals.
 16160 | Lair:6   | Found a staircase to the Snake Pit.
 16259 | Lair:6   | Got a smoking scale mail
 16280 | Lair:6   | Identified the +5 scale mail of the Gate {Int+3} (You acquired it on level 6 of the Lair of Beasts)
 16294 | Lair:6   | Lost mutation: You are clumsy. (Dex -2) [potion of cure mutation]
 16294 | Lair:6   | Lost mutation: Potions and wands are less effective at restoring your health. [potion of cure mutation]
 16294 | Lair:6   | Lost mutation: Your flesh is heat resistant. [potion of cure mutation]
 16322 | Lair:6   | Upgraded the game from 0.18.1-8-gdd0e5ea to 0.18.1-47-g9310371
 16354 | Lair:6   | Reached ****** piety under Trog
 16421 | Lair:6   | Received a gift from Trog
 16643 | Lair:7   | Found a frozen archway.
 16675 | IceCv    | Entered an ice cave
 18363 | Lair:7   | Found a staircase to the Slime Pits.
 18369 | Lair:7   | Reached XP level 14. HP: 124/129 MP: 19/19
 18543 | Lair:7   | Reached skill level 1 in Axes
 18668 | Lair:7   | Received a gift from Trog
 19339 | Lair:8   | Entered Level 8 of the Lair of Beasts
 19894 | Lair:8   | Reached skill level 5 in Axes
 20388 | Lair:8   | Identified the Grimoire of Ice and Necromancy
 20464 | Lair:8   | Found a runed door.
 20515 | Lair:8   | Received a gift from Trog
 20520 | Lair:8   | Got a faintly glowing demon whip {god gift}
 20521 | Lair:8   | Identified the +2 demon whip "Bitz" {flame, rN+++ Int-2 Dex+6} (Trog gifted it to you on level 8 of the Lair of Beasts)
 21328 | Lair:8   | Reached skill level 15 in Maces & Flails
 22135 | Snake:1  | Entered Level 1 of the Snake Pit
 22356 | Snake:1  | Reached skill level 15 in Armour
 22634 | Snake:1  | Reached skill level 10 in Evocations
 22656 | Snake:1  | Upgraded the game from 0.18.1-47-g9310371 to 0.18.1-48-g4cf74bf
 22796 | Snake:1  | Got a pair of warped boots
 22807 | Snake:1  | Identified the +1 pair of boots "Tihikeq" {rPois rC- Dex+7} (You acquired it on level 1 of the Snake Pit)
 23255 | Snake:1  | Found Zeygel's General Store.
 23269 | Snake:1  | Bought a potion of beneficial mutation for 595 gold pieces
 23269 | Snake:1  | Gained mutation: You have supernaturally acute eyesight. [potion of beneficial mutation]
 23350 | Snake:1  | Reached XP level 15. HP: 136/139 MP: 21/21
 23670 | Snake:2  | Found a flickering gateway to a bazaar.
 23682 | Bazaar   | Entered a bazaar
 23682 | Bazaar   | Found Ugyro's Armour Shoppe.
 23682 | Bazaar   | Found Zuylajibeh's General Store.
 23706 | Bazaar   | Found Neuganyi's Food Shoppe.
 23714 | Bazaar   | Found Nealac's Food Boutique.
 23766 | Bazaar   | Found Qorrah's Armour Shoppe.
 23785 | Bazaar   | Bought the +1 plate armour of the Guild-Master {rF+ rC+ MR++ Dex-3} for 970 gold pieces
 24048 | Snake:2  | Received a gift from Trog
 24503 | Snake:2  | Reached skill level 15 in Fighting
 26156 | Snake:3  | Reached skill level 5 in Shields
 27211 | Snake:3  | Noticed a greater naga
 27223 | Snake:3  | Killed a greater naga
 28040 | Snake:3  | Noticed a greater naga
 28060 | Snake:3  | Killed a greater naga
 28500 | Snake:3  | Noticed a greater naga
 28510 | Snake:3  | Killed a greater naga
 28510 | Snake:3  | Received a gift from Trog
 28510 | Snake:3  | Reached XP level 16. HP: 127/151 MP: 22/22
 28741 | Snake:3  | Reached skill level 10 in Shields
 29321 | Snake:4  | Entered Level 4 of the Snake Pit
 30459 | Snake:4  | Received a gift from Trog
 31709 | Snake:4  | Received a gift from Trog
 32379 | Snake:4  | Got a serpentine rune of Zot
 32613 | Snake:3  | Reached XP level 17. HP: 145/160 MP: 23/23
 32919 | D:10     | Entered Level 10 of the Dungeon
 33231 | D:10     | Found Zekkaon's Elemental Accessories.
 33917 | D:11     | Received a gift from Trog
 34223 | D:11     | Reached skill level 15 in Shields
 34330 | D:12     | Found a sparkling altar of Nemelex Xobeh.
 34921 | D:12     | Found a staircase to the Orcish Mines.
 34977 | Orc:1    | Entered Level 1 of the Orcish Mines
 35219 | Orc:2    | Entered Level 2 of the Orcish Mines
 35219 | Orc:2    | Found a radiant altar of Vehumet.
 35240 | Orc:2    | Found a staircase to the Elven Halls.
 35269 | Orc:2    | Noticed shmup's ghost (journeyman MfGl)
 35340 | Orc:2    | Killed shmup's ghost
 35567 | Orc:2    | Received a gift from Trog
 35648 | Orc:2    | Found Bourui Aggy's Jewellery Boutique.
 35849 | Orc:2    | Found Hexitwau's Magic Scroll Shop.
 35871 | Orc:2    | Cast into level 1 of the Abyss (orc warrior)
 35874 | Abyss:2  | Found a corrupted altar of Lugonu.
 35963 | Abyss:2  | HP: 8/160 [raiju (8)]
 35968 | Abyss:2  | HP: 8/160 [poisoned by a reaper]
 35969 | Abyss:2  | Killed from afar by a raiju

Skill      XL: |  1  2  3  4  5  6  7  8  9 10 11 12 13 14 15 16 17 |
---------------+----------------------------------------------------+-----
Fighting       | 4 5 6 7 8 9 11 12 13 14 15 16 | 16.9
Maces & Flails | 4 5 6 7 9 10 12 14 15 | 15.4
Armour         | 3 4 5 6 8 10 11 13 14 15 16 | 16.7
Dodging        | 3 4 5 6 7 |  7.6
Evocations     | 1 2 3 5 6 7 9 10 | 10.4
Shields        | 4 9 14 15 | 15.4
Axes           | 8 9 |  9.4

Action                   |  1- 3 |  4- 6 |  7- 9 | 10-12 | 13-15 | 16-18 || total
-------------------------+-------+-------+-------+-------+-------+-------++-------
Melee: Whip              |    96 |   190 |   408 |       |       |       ||   694
       Headbutt          |    16 |    46 |    91 |   146 |   433 |   351 ||  1083
       Morningstar       |       |       |    21 |   429 |   972 |  1000 ||  2422
       Executioner's axe |       |       |       |       |   237 |       ||   237
       Demon whip        |       |       |       |       |    91 |       ||    91
Invok: Trog's Hand       |       |     2 |     3 |     2 |     6 |     3 ||    16
       Berserk           |       |     1 |     6 |     3 |     9 |     1 ||    20
       Burn Spellbooks   |       |       |       |     2 |     2 |     2 ||     6
       Brothers in Arms  |       |       |       |       |     7 |     6 ||    13
Evoke: Wand              |       |     4 |     6 |    30 |    35 |    11 ||    86
       Deck              |       |       |       |       |     2 |     1 ||     3
  Use: Scroll            |       |     6 |     6 |     6 |    12 |     1 ||    31
       Potion            |       |     1 |     4 |    11 |    21 |     1 ||    38
 Stab: Distracted        |       |       |     1 |       |     2 |     1 ||     4
       Invisible         |       |       |       |    16 |     8 |       ||    24
       Paralysed         |       |       |       |       |    24 |       ||    24
  Eat: Chunk             |     2 |     7 |     6 |    21 |    32 |    13 ||    81
       Meat ration       |       |       |     3 |       |     3 |     2 ||     8
       Pizza             |       |       |     1 |       |       |       ||     1
       Beef jerky        |       |       |     1 |       |     2 |       ||     3
       Royal jelly       |       |       |       |       |     1 |       ||     1
       Fruit             |       |       |       |       |    11 |     6 ||    17
Armor: Ring mail         |    10 |       |       |       |       |       ||    10
       Chain mail        |    19 |    75 |    79 |       |       |       ||   173
       Plate armour      |       |       |    95 |   248 |   743 |   252 ||  1338
       Skin              |       |       |       |       |     8 |       ||     8
Dodge: Dodged            |    40 |    72 |   158 |   257 |   684 |   179 ||  1390
Block: Shield            |       |       |       |       |   167 |    95 ||   262
       Large shield      |       |       |       |       |       |   639 ||   639
